SA
BELLEVILLE BULLS @ DELAWARE 1787 BC
06/14/2042
 
TOP OF THE 1ST
Belleville Bulls batting - Pitching for Delaware 1787 BC : RHP Foeke Reus
Pitching: RHP Foeke Reus
Batting: SHB Russ King 0-0: Foul Ball, location: 2F
0-1: Foul Ball, location: 2F
0-2: Ball
1-2: Ball
2-2: Fly out, F4 (Popup, 4S, EV 66.2 MPH)
Batting: LHB Maikel Nelis 0-0: Ball
1-0: Foul Ball, location: 2F
1-1: Ball
2-1: Called Strike
2-2: Strikes out swinging
Batting: SHB Kenny Dixon 0-0: Fly out, F9 (Flyball, 9D, EV 105.6 MPH)
Top of the 1st over - 0 runs, 0 hits, 0 errors, 0 left on base; Belleville 0 - Delaware 0
BOTTOM OF THE 1ST
Delaware 1787 BC batting - Pitching for Belleville Bulls : LHP Edgar Morales
Pitching: LHP Edgar Morales
Batting: RHB Ryan Dodson 0-0: Called Strike
0-1: Reaches on Catchers interference
Batting: RHB Justin Schock 0-0: Foul Ball, location: 2F
0-1: Called Strike
Ryan Dodson is caught stealing 2nd base 2-4
0-2: Ball
1-2: Strikes out swinging
Batting: RHB Mhelter Tejano 0-0: Ground out 6-3 (Groundball, 56D, EV 89.4 MPH)
Bottom of the 1st over - 0 runs, 0 hits, 1 error, 0 left on base; Belleville 0 - Delaware 0
TOP OF THE 2ND
Belleville Bulls batting - Pitching for Delaware 1787 BC : RHP Foeke Reus
Batting: LHB Juan Romero 0-0: Called Strike
0-1: Ball
1-1: Called Strike
1-2: Fly out, F9 (Flyball, 9, EV 85.0 MPH)
Batting: SHB Ed Reese 0-0: Ball
1-0: Called Strike
1-1: Foul Ball, location: 2F
1-2: Foul Ball, location: 2F
1-2: Strikes out swinging
Batting: LHB Román Ramos 0-0: Ball
1-0: Foul Ball, location: 2F
1-1: Fly out, F9 (Flyball, 9D, EV 105.0 MPH)
Top of the 2nd over - 0 runs, 0 hits, 0 errors, 0 left on base; Belleville 0 - Delaware 0
BOTTOM OF THE 2ND
Delaware 1787 BC batting - Pitching for Belleville Bulls : LHP Edgar Morales
Batting: RHB Eduardo Lucciardi 0-0: Called Strike
0-1: Foul Ball, location: 2F
0-2: Ball
1-2: Strikes out swinging
Batting: RHB Julián Zambrano 0-0: Ball
1-0: Called Strike
1-1: Ball
2-1: Ball
3-1: Swinging Strike
3-2: Strikes out looking
Batting: LHB Luis Concepción 0-0: Foul Ball, location: 2F
0-1: Ball
1-1: Fly out, F7 (Flyball, 78D, EV 91.2 MPH)
Bottom of the 2nd over - 0 runs, 0 hits, 0 errors, 0 left on base; Belleville 0 - Delaware 0
TOP OF THE 3RD
Belleville Bulls batting - Pitching for Delaware 1787 BC : RHP Foeke Reus
Batting: SHB Geoffrey Richardson 0-0: Called Strike
0-1: Swinging Strike
0-2: Strikes out swinging
Batting: LHB Steve Burnett 0-0: Ball
1-0: Called Strike
1-1: Foul Ball, location: 2F
1-2: Strikes out looking
Batting: LHB Abdul-Alim Nadeem 0-0: Ball
1-0: Ball
2-0: Ball
3-0: Called Strike
3-1: Called Strike
3-2: Ground out 6-3 (Groundball, 6D, EV 102.5 MPH)
Top of the 3rd over - 0 runs, 0 hits, 0 errors, 0 left on base; Belleville 0 - Delaware 0
BOTTOM OF THE 3RD
Delaware 1787 BC batting - Pitching for Belleville Bulls : LHP Edgar Morales
Batting: RHB Brian Thomas 0-0: Ball
1-0: Ball
2-0: SINGLE (Groundball, 34D, EV 106.2 MPH)
Batting: LHB Chandler Schroeder 0-0: Ball
1-0: SINGLE (Flyball, 34D, EV 85.0 MPH)
Brian Thomas to second
Batting: LHB Steve Wheeler 0-0: Called Strike
0-1: Called Strike
0-2: Strikes out swinging
Batting: RHB Ryan Dodson 0-0: Ball
1-0: Ball
2-0: Foul Ball, location: 2F
2-1: Ball
3-1: Grounds into double play, 4-6-3 (Groundball, 4M, EV 80.0 MPH)
Bottom of the 3rd over - 0 runs, 2 hits, 0 errors, 1 left on base; Belleville 0 - Delaware 0
TOP OF THE 4TH
Belleville Bulls batting - Pitching for Delaware 1787 BC : RHP Foeke Reus
Batting: SHB Russ King 0-0: Ball
1-0: Foul Ball, location: 2F
1-1: Fly out, F3 (Popup, 3F, EV 57.5 MPH)
Batting: LHB Maikel Nelis 0-0: Ball
1-0: Foul Ball, location: 2F
1-1: Ball
2-1: Foul Ball, location: 2F
2-2: SINGLE (Line Drive, 34, EV 98.8 MPH)
Batting: SHB Kenny Dixon 0-0: Ball
1-0: Fly out, F8 (Flyball, 8RD, EV 94.4 MPH)
Batting: LHB Juan Romero 0-0: Foul Ball, location: 2F
0-1: Ball
1-1: Swinging Strike
1-2: Strikes out swinging
Top of the 4th over - 0 runs, 1 hit, 0 errors, 1 left on base; Belleville 0 - Delaware 0
BOTTOM OF THE 4TH
Delaware 1787 BC batting - Pitching for Belleville Bulls : LHP Edgar Morales
Batting: RHB Justin Schock 0-0: Ball
1-0: Called Strike
1-1: Ball
2-1: Foul Ball, location: 2F
2-2: Ball
3-2: Foul Ball, location: 2F
3-2: SINGLE (Groundball, 4MD, EV 98.8 MPH)
Batting: RHB Mhelter Tejano 0-0: Called Strike
0-1: Called Strike
0-2: Ball
1-2: Foul Ball, location: 2F
1-2: DOUBLE (Line Drive, 9LM, EV 101.9 MPH)
Justin Schock to third
Batting: RHB Eduardo Lucciardi 0-0: Ball
1-0: Ball
2-0: Called Strike
2-1: Swinging Strike
2-2: Ball
3-2: Fly out, F8 (Flyball, 8RS, EV 96.2 MPH)
Batting: RHB Julián Zambrano 0-0: Swinging Strike
0-1: Swinging Strike
0-2: Strikes out looking
Batting: LHB Luis Concepción 0-0: Ball
1-0: SINGLE (Groundball, 4S, EV 67.5 MPH) (infield hit)
Justin Schock scores
Mhelter Tejano to third
Batting: RHB Brian Thomas 0-0: Swinging Strike
0-1: Fly out, F8 (Flyball, 8LD, EV 99.4 MPH)
Bottom of the 4th over - 1 run, 3 hits, 0 errors, 2 left on base; Belleville 0 - Delaware 1
TOP OF THE 5TH
Belleville Bulls batting - Pitching for Delaware 1787 BC : RHP Foeke Reus
Batting: SHB Ed Reese 0-0: Fly out, F8 (Line Drive, 8LD, EV 84.4 MPH)
Batting: LHB Román Ramos 0-0: Called Strike
0-1: Foul Ball, location: 2F
0-2: Strikes out swinging
Batting: SHB Geoffrey Richardson 0-0: Swinging Strike
0-1: Ball
1-1: Ball
2-1: Ball
3-1: Called Strike
3-2: Strikes out looking
Top of the 5th over - 0 runs, 0 hits, 0 errors, 0 left on base; Belleville 0 - Delaware 1
BOTTOM OF THE 5TH
Delaware 1787 BC batting - Pitching for Belleville Bulls : LHP Edgar Morales
Batting: LHB Chandler Schroeder 0-0: SINGLE (Flyball, 7LS, EV 83.8 MPH)
Batting: LHB Steve Wheeler 0-0: Fly out, F7 (Flyball, 7LD, EV 85.0 MPH)
Batting: RHB Ryan Dodson 0-0: Ball
1-0: SINGLE (Groundball, 34D, EV 95.6 MPH)
Chandler Schroeder to second
Runner from 2nd tries for 3rd, SAFE, throw by RF made to third
Batting: RHB Justin Schock 0-0: Ball
1-0: Swinging Strike
1-1: Foul Ball, location: 2F
1-2: Strikes out swinging
Batting: RHB Mhelter Tejano 0-0: Ball
1-0: Ball
2-0: Swinging Strike
2-1: SINGLE (Line Drive, 6MD, EV 101.9 MPH)
Chandler Schroeder scores
Ryan Dodson to second
Runner from 2nd tries for 3rd, SAFE, throw by CF made to third
Batting: RHB Eduardo Lucciardi 0-0: Ball
1-0: Called Strike
1-1: Fly out, F3 (Popup, 23F, EV 86.9 MPH)
Bottom of the 5th over - 1 run, 3 hits, 0 errors, 2 left on base; Belleville 0 - Delaware 2
TOP OF THE 6TH
Belleville Bulls batting - Pitching for Delaware 1787 BC : RHP Foeke Reus
Batting: LHB Steve Burnett 0-0: Ball
1-0: Called Strike
1-1: Called Strike
1-2: Foul Ball, location: 2F
1-2: Strikes out looking
Batting: LHB Abdul-Alim Nadeem 0-0: SINGLE (Groundball, 56D, EV 107.5 MPH)
Batting: SHB Russ King 0-0: Called Strike
0-1: Ball
1-1: Called Strike
1-2: Ball
2-2: Fielders Choice at 2nd, 6-4 (Groundball, 6, EV 89.4 MPH)
Batting: LHB Maikel Nelis 0-0: Called Strike
0-1: Ball
1-1: Fly out, F7 (Flyball, 78D, EV 85.6 MPH)
Top of the 6th over - 0 runs, 1 hit, 0 errors, 1 left on base; Belleville 0 - Delaware 2
BOTTOM OF THE 6TH
Delaware 1787 BC batting - Pitching for Belleville Bulls : LHP Edgar Morales
Batting: RHB Julián Zambrano 0-0: Called Strike
0-1: Swinging Strike
0-2: Ball
1-2: Foul Ball, location: 2F
1-2: Strikes out swinging
Batting: LHB Luis Concepción 0-0: Swinging Strike
0-1: Ball
1-1: Ground out 4-3 (Groundball, 4, EV 101.2 MPH)
Batting: RHB Brian Thomas 0-0: Called Strike
0-1: Ground out 6-3 (Groundball, 6, EV 90.0 MPH)
Bottom of the 6th over - 0 runs, 0 hits, 0 errors, 0 left on base; Belleville 0 - Delaware 2
TOP OF THE 7TH
Belleville Bulls batting - Pitching for Delaware 1787 BC : RHP Foeke Reus
Batting: SHB Kenny Dixon 0-0: Foul Ball, location: 2F
0-1: Ball
1-1: Ground out 3-1 (Groundball, 34, EV 104.4 MPH)
Batting: LHB Juan Romero 0-0: Called Strike
0-1: Foul Ball, location: 2F
0-2: Ball
1-2: Ball
2-2: Ball
3-2: Foul Ball, location: 2F
3-2: Strikes out swinging
Batting: SHB Ed Reese 0-0: Called Strike
0-1: Ball
1-1: Ball
2-1: Ball
3-1: Swinging Strike
3-2: Foul Ball, location: 2F
3-2: Fly out, F9 (Line Drive, 9D, EV 88.1 MPH)
Top of the 7th over - 0 runs, 0 hits, 0 errors, 0 left on base; Belleville 0 - Delaware 2
BOTTOM OF THE 7TH
Delaware 1787 BC batting - Pitching for Belleville Bulls : LHP Edgar Morales
Batting: LHB Chandler Schroeder 0-0: DOUBLE (Line Drive, 7LD, EV 106.2 MPH)
Batting: LHB Steve Wheeler 0-0: Fly out, F7 (Flyball, 78M, EV 84.4 MPH)
Batting: RHB Ryan Dodson 0-0: Ground out 6-3 (Groundball, 6, EV 81.9 MPH)
Pitching: RHP Miguel González
Batting: RHB Justin Schock 0-0: Ball
1-0: Ball
2-0: Called Strike
2-1: Foul Ball, location: 2F
2-2: Strikes out swinging
Bottom of the 7th over - 0 runs, 1 hit, 0 errors, 1 left on base; Belleville 0 - Delaware 2
TOP OF THE 8TH
Belleville Bulls batting - Pitching for Delaware 1787 BC : RHP Foeke Reus
Now in LF: Jaime López
Batting: LHB Román Ramos 0-0: Called Strike
0-1: Ball
1-1: Called Strike
1-2: Ball
2-2: Ball
3-2: Strikes out swinging
Batting: SHB Geoffrey Richardson 0-0: Called Strike
0-1: Ball
1-1: Ball
2-1: Foul Ball, location: 2F
2-2: Ball
3-2: Foul Ball, location: 2F
3-2: Ground out 6-3 (Groundball, 6S, EV 90.0 MPH)
Batting: LHB Steve Burnett 0-0: Ground out 6-3 (Groundball, 6M, EV 103.1 MPH)
Top of the 8th over - 0 runs, 0 hits, 0 errors, 0 left on base; Belleville 0 - Delaware 2
BOTTOM OF THE 8TH
Delaware 1787 BC batting - Pitching for Belleville Bulls : RHP Miguel González
Batting: RHB Mhelter Tejano 0-0: Called Strike
0-1: Swinging Strike
0-2: Ball
1-2: Foul Ball, location: 2F
1-2: Foul Ball, location: 2F
1-2: Ground out 4-3 (Groundball, 4M, EV 83.1 MPH)
Batting: RHB Eduardo Lucciardi 0-0: Fly out, F8 (Flyball, 8LS, EV 96.9 MPH)
Batting: RHB Julián Zambrano 0-0: Ball
1-0: Fly out, F7 (Flyball, 7S, EV 89.4 MPH)
Bottom of the 8th over - 0 runs, 0 hits, 0 errors, 0 left on base; Belleville 0 - Delaware 2
TOP OF THE 9TH
Belleville Bulls batting - Pitching for Delaware 1787 BC : RHP Foeke Reus
Pitching: RHP Francisco Díaz
Batting: LHB Abdul-Alim Nadeem 0-0: Fly out, F2 (Popup, 2L, EV 91.2 MPH)
Batting: SHB Russ King 0-0: Ball
1-0: Called Strike
1-1: Called Strike
1-2: Foul Ball, location: 2F
1-2: Foul Ball, location: 2F
1-2: Foul Ball, location: 2F
1-2: Foul Ball, location: 2F
1-2: Foul Ball, location: 2F
1-2: Ball
2-2: Strikes out swinging
Batting: LHB Maikel Nelis 0-0: Ball
1-0: Swinging Strike
1-1: Foul Ball, location: 2F
1-2: Ball
2-2: Strikes out swinging
Top of the 9th over - 0 runs, 0 hits, 0 errors, 0 left on base; Belleville 0 - Delaware 2
Friday, March 26th, 2021 - OOTP Baseball 20.8 Build 74